 Dungeon Crawl Stone Soup version 0.31.0-12-g77e489cdc1 (webtiles) character file.

Game seed: 17178246641864020748

10955 sking99 the Grappler (level 11, -7/110 HPs)
             Began as a Troll Shapeshifter on Feb 21, 2024.
             Was an Initiate of Yredelemnul.
             Mangled by a cane toad (13 damage)
             ... on level 1 of the Lair of Beasts.
             The game lasted 00:17:30 (8476 turns).

sking99 the Grappler (Troll Shapeshifter)           Turns: 8476, Time: 00:17:30

Health: -7/110     AC:  5    Str: 24    XL:     11   Next: 43%
Magic:  6/10       EV: 10    Int:  6    God:    Yredelemnul [......]
Gold:   521        SH:  5    Dex: 13    Spells: 10/10 levels left

rFire   + .          .
                       - Unarmed
rCold   . . .        (no shield)
rNeg    . . .        a - +1 animal skin
rPois   .            y - melded +1 hat {rF+}
rElec   .            (cloak currently unavailable)
rCorr   .            (gloves unavailable)
SInv    .            (boots unavailable)
Will    .....        i - amulet of reflection
Stlth   +            n - ring of protection from fire
HPRegen 1.18/turn    (no ring)
MPRegen 0.12/turn

%: reflection
@: beast-form
A: beast (slay +4), large, unfitting armour, claws 3, regeneration 1, shaggy fur
1, tough skin 1
a: Begin Untransformation, Renounce Religion, Recall Undead Harvest


You were on level 1 of the Lair of Beasts.
You worshipped Yredelemnul.
Yredelemnul was noncommittal.
You were a hulking beast.
You visited 3 branches of the dungeon, and saw 12 of its levels.

You collected 681 gold pieces.
You spent 160 gold pieces at shops.

Inventory:

Missiles
 v - a throwing net (quivered)
Armour
 a - a +1 animal skin (worn)
 y - a +1 hat of fire resistance (melded)
 A - a +0 cloak
Jewellery
 f - a ring of magical power
 i - an amulet of reflection (around neck)
 l - a ring of ice
 n - a ring of protection from fire (left claw)
Talismans
 c - a beast talisman (active)
 d - a flux talisman
Wands
 D - a wand of paralysis (10)
Scrolls
 e - 4 scrolls of teleportation
 g - 2 scrolls of fog
 h - a scroll of poison
 j - 2 scrolls of enchant armour
 k - a scroll of immolation
 m - a scroll of vulnerability
 u - 4 scrolls of enchant weapon
 G - a scroll of torment {unknown}
 H - a scroll of blinking {unknown}
Potions
 b - 4 potions of lignification
 o - 3 potions of might
 p - 2 potions of enlightenment
 q - 2 potions of brilliance {unknown}
 s - 6 potions of curing
 t - 3 potions of degeneration
 w - 4 potions of invisibility
 x - 3 potions of heal wounds
 z - a potion of mutation {unknown}
 B - a potion of ambrosia {unknown}
 E - a potion of cancellation {unknown}


   Skills:
 + Level 7.7 Fighting
 + Level 3.0 Dodging
 * Level 13.1 Unarmed Combat
 - Level 8.5 Shapeshifting


You had 10 spell levels left.
You didn't know any spells.
Your spell library contained the following spells:

 Spells                   Type           Power      Damage    Failure   Level
 Magic Dart               Conj           0%         1d3       45%         1
 Necrotise                Necr           0%         1d4       45%         1
 Blink                    Tloc           0%         N/A       58%         2
 Call Imp                 Summ           0%         N/A       58%         2
 Lesser Beckoning         Tloc           0%         N/A       58%         2
 Searing Ray              Conj           0%         2d4       58%         2
 Dazzling Flash           Conj/Hex       0%         N/A       83%         3
 Gell's Gravitas          Tloc           0%         N/A       83%         3
 Hailstorm                Conj/Ice       0%         3d5       83%         3
 Ozocubu's Armour         Ice            0%         N/A       83%         3
 Summon Ice Beast         Ice/Summ       0%         N/A       83%         3
 Teleport Other           Tloc           0%         N/A       83%         3
 Vampiric Draining        Necr           0%         2d6       83%         3
 Volatile Blastmotes      Fire/Tloc      0%         2d10      83%         3
 Fulminant Prism          Conj/Alch      0%         3d5       99%         4
 Martyr's Knell           Necr/Summ      0%         N/A       99%         4
 Vhi's Electric Charge    Tloc/Air       0%         N/A       99%         4
 Arcjolt                  Conj/Air       0%         1d10      100%        5
 Curse of Agony           Necr           0%         N/A       100%        5
 Metabolic Englaciation   Hex/Ice        0%         N/A       100%        5
 Dispersal                Tloc           0%         N/A       100%        6
 Sculpt Simulacrum        Ice/Alch       0%         N/A       100%        6
 Starburst                Conj/Fire      0%         6d3       100%        6
 Maxwell's Capacitive Co  Air            0%         ∞         100%        8


Dungeon Overview and Level Annotations

Branches:
Dungeon (10/15)            Temple (1/1) D:4            Lair (1/5) D:10
    Orc (0/2) D:9

Altars:
Ashenzari
Cheibriados
Dithmenos
Elyvilon
Fedhas
Gozag
Hepliaklqana
Kikubaaqudgha
Makhleb
Nemelex Xobeh
Okawaru
Qazlal
Ru
Sif Muna
Trog
Uskayaw
Vehumet
Wu Jian
Xom
Yredelemnul
Zin
The Shining One

Shops:
D:5 *

Annotations:
D:6 1 runed translucent door, 7tar4e's ghost, amateur OpFi


Innate Abilities, Weirdness & Mutations

You are a hulking beast.
Your limbs bulge with bestial killing power. (Slay +4)
You are too large for most types of armour.
You have claws for hands.
Your natural rate of healing is unusually fast.
You are covered in fur. (AC +1)
You have tough skin. (AC +1)


Message History

The blink frog hits you.
* * * LOW HITPOINT WARNING * * *
The blink frog blinks!
You swap places.
You feel sick.
The cane toad stings your black mamba zombie.
The cane toad stings your black mamba zombie!
Your black mamba zombie barely misses the cane toad.
You swap places.
You feel sick.
The blink frog hits your black mamba zombie!
The blink frog blinks!
The cane toad stings your black mamba zombie.
The blink frog hits your yak zombie. Yredelemnul sends a servant to aid you.
Yredelemnul accepts your bounty of souls!
You feel sick.
The blink frog closely misses your basilisk zombie.
The cane toad stings your yak zombie!
You feel sick.
The blink frog hits your basilisk zombie.
The blink frog blinks!
The cane toad stings your yak zombie!!
Your yak zombie barely misses the cane toad.
You feel sick.
The blink frog blinks!
The cane toad stings your yak zombie!
Your yak zombie barely misses the cane toad.
You feel sick. The cane toad stings your yak zombie!
Your wight closely misses the blink frog.
The cane toad stings your yak zombie!!
Your yak zombie is destroyed!
You feel sick. The blink frog hits your wight!
Your wight closely misses the blink frog.
The blink frog blinks!
You completely miss the blink frog.
The blink frog is severely wounded.
You feel sick.
You are no longer poisoned.
The blink frog hits you!
* * * LOW HITPOINT WARNING * * *
The blink frog attacks as it pursues you!
The blink frog barely misses you. The cane toad stings you!
You die...
Your body rises from the dead as a mindless zombie.

.............. ..............
..............
..##...........
##########.##...........
##........##.............
##..........##............
#.....§.Z....#............
##.......zhF..##...........
#.^.#######F...#...........
##..##....§.##..##..........
#..##........##..#..........
##.##.)######..##.#.....#....
#..# #$$#..#...###... #.##
#.##.#...# ###. #.#
....#...## ## #.# .#^#....#


You could see a cane toad, a blink frog (ally target), a friendly wight
(summoned) and a friendly basilisk zombie.

Vanquished Creatures
  2 two-headed ogres
  A cyclops (D:10)
  A black mamba (Lair:1)
  A cane toad (Lair:1)
  A komodo dragon (D:10)
  2 wyverns
  Sigmund (D:3)
  A wraith (D:9)
  13 yaks
  2 basilisks (Lair:1)
  2 steam dragons
  3 vampire mosquitoes (D:10)
  An acid dragon (D:8)
  2 water moccasins
  3 orc warriors
  A sky beast (D:7)
  3 black bears (D:10)
  2 ice beasts
  3 ogres
  2 centaurs
  A kobold brigand (D:8)
  5 bullfrogs
  2 scorpions
  20 wights
  A howler monkey (D:8)
  A bombardier beetle (D:6)
  2 quasits (D:8)
  4 hounds
  A jelly (D:4)
  5 orc priests
  5 iguanas
  A sleepcap (D:8)
  Jessica (D:3)
  7 orc wizards
  Robin (D:3)
  8 adders
  15 gnolls
  4 white imps
  3 ufetubi
  2 dart slugs
  2 ribbon worms (D:4)
  23 orcs
  3 ball pythons
  8 endoplasms
  6 giant cockroaches
  15 hobgoblins
  3 jackals (D:4)
  14 kobolds
  4 quokkas
  6 bats (D:1)
  2 frilled lizards
  17 goblins
  6 rats
245 creatures vanquished.

Vanquished Creatures (collateral kills)
  A black mamba (D:10)
  A rime drake (Lair:1)
  A vampire mosquito (D:10)
  A centaur (D:4)
  A gnoll sergeant (D:9)
  A gnoll bouda (D:8)
  A jelly (D:7)
  An iguana (D:4)
  An orc wizard (D:7)
  An ufetubus (D:6)
  8 orcs
  An endoplasm (D:4)
19 creatures vanquished.

Vanquished Creatures (others)
  A wyvern zombie (D:10)
  A yak zombie (Lair:1)
  3 bullfrog zombies
  A black bear zombie (D:10)
  A scorpion zombie (D:10)
  2 hound zombies
  An adder zombie (D:6)
  An iguana zombie (D:6)
  A spectral white imp (D:8)
  A gnoll zombie (D:8)
  A giant cockroach zombie (D:4)
  A goblin zombie (D:4)
  2 kobold zombies
  7 orc zombies
  2 spectral ufetubi
26 creatures vanquished.

Grand Total: 290 creatures vanquished

Notes
Turn   | Place    | Note
-------+----------+-------------------------------------------
     0 | D:1      | sking99 the Troll Shapeshifter began the quest for the Orb.
     0 | D:1      | Reached XP level 1. HP: 18/18 MP: 0/0
    42 | D:1      | Reached skill level 1 in Fighting
    64 | D:1      | Reached XP level 2. HP: 26/27 MP: 1/1
   349 | D:1      | Found a faded altar of an unknown god.
   413 | D:1      | Reached XP level 3. HP: 33/33 MP: 2/2
   918 | D:2      | Reached XP level 4. HP: 41/41 MP: 3/3
  1070 | D:2      | Found a white marble altar of Elyvilon.
  1144 | D:2      | Reached skill level 4 in Unarmed Combat
  1399 | D:3      | Noticed Sigmund
  1448 | D:3      | Killed Sigmund
  1449 | D:3      | Reached XP level 5. HP: 36/49 MP: 4/4
  1451 | D:3      | Reached XP level 6. HP: 29/57 MP: 5/5
  1503 | D:3      | Noticed Jessica
  1549 | D:3      | Killed Jessica
  1584 | D:3      | Reached skill level 5 in Unarmed Combat
  1651 | D:3      | Noticed Robin
  1688 | D:3      | Killed Robin
  1713 | D:3      | Found a basalt altar of Yredelemnul.
  1735 | D:3      | Became a worshipper of Yredelemnul the Dark
  1989 | D:4      | Found a staircase to the Ecumenical Temple.
  2005 | D:4      | Reached skill level 5 in Shapeshifting
  2010 | Temple   | Entered the Ecumenical Temple
  2080 | D:4      | Reached XP level 7. HP: 66/66 MP: 3/6
  2223 | D:4      | Reached * piety under Yredelemnul
  2357 | D:4      | Noticed a steam dragon
  2366 | D:4      | Killed a steam dragon
  2367 | D:4      | Reached skill level 6 in Unarmed Combat
  2824 | D:4      | Reached XP level 8. HP: 75/75 MP: 7/7
  2880 | D:5      | Entered Level 5 of the Dungeon
  3147 | D:5      | Reached skill level 7 in Unarmed Combat
  3151 | D:5      | Found Xeorimy's Fire Supplies.
  3925 | D:5      | Bought a +1 hat of fire resistance for 160 gold pieces
  4193 | D:6      | Found a runed translucent door.
  4368 | D:6      | Reached skill level 8 in Unarmed Combat
  4608 | D:6      | Noticed a two-headed ogre
  4619 | D:6      | Killed a two-headed ogre
  4620 | D:6      | Reached XP level 9. HP: 84/87 MP: 8/8
  4727 | D:6      | Noticed 7tar4e's ghost (amateur OpFi)
  5121 | D:7      | Reached skill level 5 in Fighting
  5121 | D:7      | Reached skill level 9 in Unarmed Combat
  5130 | D:7      | Reached ** piety under Yredelemnul
  5541 | D:8      | Noticed a two-headed ogre
  5548 | D:8      | Killed a two-headed ogre
  5549 | D:8      | Reached skill level 10 in Unarmed Combat
  5717 | D:8      | Reached XP level 10. HP: 58/95 MP: 9/9
  5848 | D:8      | Reached *** piety under Yredelemnul
  6675 | D:8      | Found a glowing silver altar of Zin.
  6973 | D:9      | Reached skill level 11 in Unarmed Combat
  7145 | D:9      | Found a staircase to the Orcish Mines.
  7184 | D:9      | Found a broken altar of Ashenzari.
  7399 | D:10     | Entered Level 10 of the Dungeon
  7594 | D:10     | Reached skill level 12 in Unarmed Combat
  7823 | D:10     | Noticed an arcanist
  7823 | D:10     | Noticed a boulder beetle
  7897 | D:10     | Found an opulent altar of Gozag.
  7898 | D:10     | Found a shimmering altar of Xom.
  7917 | D:10     | Noticed a cyclops
  7932 | D:10     | Reached XP level 11. HP: 44/105 MP: 10/10
  8100 | D:10     | Found a staircase to the Lair.
  8106 | Lair:1   | Entered Level 1 of the Lair of Beasts
  8391 | Lair:1   | Reached skill level 13 in Unarmed Combat
  8475 | Lair:1   | HP: 4/110 [blink frog (9)]
  8476 | Lair:1   | Mangled by a cane toad

Illustrated notes

Levels and vault maps discovered:
D:1:      dpeg_arrival_simpleton_a, layout_loops_corners,
          ebering_ecumenical_altar_mist, minmay_octomino_e4
D:2:      layout_rooms, basic_altar
D:3:      layout_basic, overflow_temple_1_default, uniq_jessica, uniq_sigmund,
          uniq_robin
D:4:      layout_basic, minmay_temple_entry_slanted
D:5:      layout_cave_pods, nicolae_shop_fire_sale [nicolae_sub_dead_trees]
D:6:      layout_cave_pods, ebering_ghost_reflecting_pool
D:7:      layout_rooms
D:8:      layout_layer_cave, lemuel_coloured_pillars_altar, serial_demonic,
          serial_demonic_a, serial_demonic_g, serial_demonic_g,
          serial_demonic_d, mrwooster_statue_mirror
D:9:      layout_roguey, old_standard_altar, orc_0_dummy
D:10:     layout_cave_pools, gammafunk_temple_overflow_statue,
          grunt_lair_entry_orc_guard_hut, lightli_corner_chamber
Temple:   minmay_temple_bridge_d
Lair:1:   layout_hall_layers, nzn_random_ring

Skill      XL: |  1  2  3  4  5  6  7  8  9 10 11 |
---------------+----------------------------------+-----
Fighting       | 1 2 3 4 5 7 |  7.7
Unarmed Combat | 4 5 6 8 10 12 13 | 13.1
Shapeshifting  | 4 5 7 8 |  8.5
Dodging        | 3 |  3.0

Action                     |  1- 3 |  4- 6 |  7- 9 | 10-12 || total
---------------------------+-------+-------+-------+-------++-------
  Melee: Unarmed           |    77 |   104 |   217 |   199 ||   597
         Punch             |     1 |     1 |     6 |    11 ||    19
 Invoke: Recall Undead Har |       |     1 |       |       ||     1
         Dark Bargain      |       |       |     1 |     1 ||     2
Ability: Begin Untransform |       |       |     1 |       ||     1
    Use: Potion            |       |       |     1 |     1 ||     2
         Scroll            |       |       |    15 |     4 ||    19
   Stab: Sleeping          |     1 |     1 |       |       ||     2
 Armour: Animal skin       |    47 |    42 |   158 |   160 ||   407
         Skin              |       |       |     2 |       ||     2
  Dodge: Dodged            |    34 |    26 |    88 |    89 ||   237
  Block: Other             |     9 |    17 |    50 |    46 ||   122
         Reflection        |       |     1 |     1 |     1 ||     3
   Form: Beast             |     1 |       |     1 |       ||     2
